 Dungeon Crawl Stone Soup version 0.29-a0-468-ge57f7f99b4 (webtiles) character file.

Game seed: 2999794818145964075

7086 dolemite99 the Cleaver (level 10, -11/83 HPs)
             Began as a Minotaur Gladiator on May 22, 2022.
             Was a High Priest of Lugonu.
             Mangled by a meliai simulacrum (19 damage)
             ... on level 10 of the Dungeon.
             The game lasted 00:10:12 (12311 turns).

dolemite99 the Cleaver (Minotaur Gladiator)        Turns: 12311, Time: 00:10:13

Health: -11/83     AC: 16    Str: 32    XL:     10   Next: 84%
Magic:  16/16      EV: 10    Int:  5    God:    Lugonu [*****.]
Gold:   1644       SH: 11    Dex: 18    Spells: 9/9 levels left

rFire   . . .      SeeInvis .   a - +4 war axe (freeze)
rCold   . . .      Faith    +   q - +0 kite shield
rNeg    . . .      Spirit   .   M - +3 scale mail
rPois   .          Reflect  .   c - +2 hat
rElec   .          Harm     .   x - +0 cloak
rCorr   .          Rampage  +   (no gloves)
Will    .....                   u - +2 pair of boots {rampage}
Stlth   ..........              j - amulet of faith
HPRegen 0.23/turn               E - ring of Autumn {Str+9 Dex+6}
MPRegen 0.15/turn               v - +4 ring of slaying

@: no status effects
A: horns 2, retaliatory headbutt
a: Renounce Religion, Depart the Abyss, Bend Space, Banish, Corrupt, Enter the
Abyss


You were on level 10 of the Dungeon.
You worshipped Lugonu.
Lugonu was extremely pleased with you.
You visited 1 branch of the dungeon, and saw 10 of its levels.

You collected 1644 gold pieces.

Inventory:

Hand Weapons
 a - a +4 war axe of freezing (weapon)
 y - a +1 trident of venom
 B - a +0 morningstar
 F - the +10 mace of Deflation {freeze, Will+}
   (You found it on level 7 of the Dungeon)

   It freezes those it strikes, dealing additional cold damage.
   It can also slow down cold-blooded creatures.
   Will:      It increases your willpower.
Missiles
 d - 5 throwing nets
 e - a javelin
 l - 16 poisoned darts (quivered)
Armour
 b - a +0 leather armour
 c - a +2 hat (worn)
 g - a +0 scale mail
 q - a +0 kite shield (worn)
 u - a +2 pair of boots of rampaging (worn)
 x - a +0 cloak (worn)
 G - a +2 buckler
 M - a +3 scale mail (worn)
Jewellery
 j - an amulet of faith (around neck)
 t - a +4 ring of evasion
 v - a +4 ring of slaying (right hand)
 E - the ring of Autumn (left hand) {Str+9 Dex+6}
   (You found it on level 4 of the Dungeon)

   [ring of dexterity]

   Str:       It affects your strength (+9).
   Dex:       It affects your dexterity (+6).
Wands
 f - a wand of flame (31)
 z - a wand of paralysis (7)
 D - a wand of iceblast (12)
 H - a wand of digging (5)
Scrolls
 k - 6 scrolls of identify {@r1}
 m - a scroll of magic mapping
 n - a scroll of silence
 o - a scroll of fear
 s - 3 scrolls of teleportation
 I - a scroll of fog {unknown}
 J - 2 scrolls of noise
 K - a scroll of blinking {unknown}
Potions
 i - 3 potions of flight
 p - 3 potions of degeneration
 r - a potion of might {unknown}
 w - 3 potions of brilliance
 A - a potion of heal wounds
 C - 3 potions of lignification
 L - a potion of berserk rage


   Skills:
 - Level 5.6 Fighting
 - Level 13.3 Axes
 - Level 2.0 Throwing
 - Level 4.9 Armour
 - Level 3.2 Dodging
 + Level 6.8 Shields
 - Level 9.5 Invocations


You had 9 spell levels left.
You didn't know any spells.
Your spell library contained the following spells:

 Spells                   Type           Power      Damage    Failure   Level
 Apportation              Tloc           0%         N/A       95%         1
 Freeze                   Ice            0%         1d3       95%         1
 Magic Dart               Conj           0%         1d3       95%         1
 Necrotize                Necr           0%         1d4       95%         1
 Blink                    Tloc           0%         N/A       99%         2
 Call Imp                 Summ           0%         N/A       99%         2
 Ensorcelled Hibernation  Hex/Ice        0%         N/A       99%         2
 Frozen Ramparts          Ice            0%         1d2       100%        3
 Gell's Gravitas          Tloc           0%         N/A       100%        3
 Inner Flame              Hex/Fire       0%         N/A       100%        3
 Lesser Beckoning         Tloc           0%         N/A       100%        3
 Mephitic Cloud           Conj/Pois/Air  0%         N/A       100%        3
 Ozocubu's Armour         Ice            0%         N/A       100%        3
 Portal Projectile        Hex/Tloc       0%         N/A       100%        3
 Spider Form              Tmut/Pois      0%         N/A       100%        3
 Stone Arrow              Conj/Erth      0%         3d7       100%        3
 Teleport Other           Tloc           0%         N/A       100%        3
 Vampiric Draining        Necr           0%         2d6       100%        3
 Anguish                  Hex/Necr       0%         N/A       100%        4
 Animate Armour           Summ/Erth      0%         N/A       100%        4
 Cause Fear               Hex            0%         N/A       100%        4
 Hailstorm                Conj/Ice       0%         3d3       100%        4
 Passage of Golubria      Tloc           0%         N/A       100%        4
 Agony                    Necr           0%         N/A       100%        5
 Manifold Assault         Tloc           0%         N/A       100%        5
 Metabolic Englaciation   Hex/Ice        0%         N/A       100%        5
 Silence                  Hex/Air        0%         N/A       100%        5
 Dispersal                Tloc           0%         N/A       100%        6
 Simulacrum               Ice/Necr       0%         N/A       100%        6
 Starburst                Conj/Fire      0%         6d3       100%        6
 Ozocubu's Refrigeration  Ice            0%         4d5       100%        7
 Discord                  Hex            0%         N/A       100%        8
 Lehudib's Crystal Spear  Conj/Erth      0%         10d2      100%        8


Dungeon Overview and Level Annotations

Branches:
Dungeon (10/15)            Temple (0/1) D:6
   Lair: D:8-11         Orc: D:9-12

Altars:
Elyvilon
Gozag
Okawaru
Qazlal
Trog
Uskayaw
Xom
Zin
The Shining One
Lugonu

Shops:
D:3 (

Annotations:
D:4 3 runed translucent doors, atprogue's ghost, weakling NaIE
D:10 corrupted
Abyss:1 Erica


Innate Abilities, Weirdness & Mutations

You have a pair of horns on your head.
You reflexively headbutt those who attack you in melee.


Message History

You now have 1644 gold pieces (gained 10).
You start resting.
A large abomination is nearby!
A large abomination is nearby!
A large abomination is nearby!
A large abomination is nearby!
A wolf and an ice beast come into view.
The wolf howls!
You hear a bellow!
You rampage towards the wolf!
A meliai simulacrum comes into view.
The wolf bites you.
You miss the wolf. The wolf barely misses you. You furiously retaliate!
You headbutt the wolf. The wolf barely misses you. You furiously retaliate!
You headbutt the wolf!
You are too injured to fight recklessly!
You are too injured to fight recklessly!
Unknown command.
A yak comes into view.
The wolf bites you but does no damage.
You slice the wolf!! You freeze the wolf.
You kill the wolf!
Lugonu accepts your kill.
You rampage towards the ice beast!
You closely miss the ice beast. You headbutt the ice beast!
The ice beast is heavily wounded.
You block the ice beast's attack.
You hit the ice beast. You headbutt the ice beast!
You kill the ice beast!
Lugonu accepts your kill.
The meliai simulacrum closely misses you.
The meliai simulacrum hits you. The meliai simulacrum freezes you!
You hit the meliai simulacrum. You headbutt the meliai simulacrum!
The meliai simulacrum is severely damaged.
The meliai simulacrum hits you. The meliai simulacrum freezes you!
* * * LOW HITPOINT WARNING * * *
The meliai simulacrum completely misses you.
The ogre barely misses you. The meliai simulacrum hits you.
* * * LOW HITPOINT WARNING * * *
The meliai simulacrum freezes you!!
You die...

##4.D)FX.......
5543#3YG.....#
..YX........# .##
##5#.X......#... #
##....G###.# #.##.###.##
##........# #
#.....#...#####..#..
##.#...X...O@ZY.....
######.....#..####......
.......X...#..# ..###
#####....##..# ...
#.#..##..# ###
#.##.##..# #........#
##########


You could see a yak, a meliai simulacrum, a neutral large abomination (summoned,
distracted) and a neutral ogre (summoned, wandering).

Vanquished Creatures
  A two-headed ogre (D:9)
  Pikel (D:5)
  Sigmund (D:4)
  Eustachio (D:4)
  3 yaks
  A steam dragon (D:8)
  A water moccasin (D:6)
  3 ice beasts
  3 ogres
  A wolf (D:10)
  2 centaurs
  A phantom (D:3)
  3 lemures (D:5)
  Blork the orc (D:5)
  3 kobold brigands
  2 bullfrogs (D:7)
  A gnoll sergeant (D:9)
  A necrophage (D:7)
  A scorpion (D:7)
  7 wights
  8 killer bees (D:10)
  6 howler monkeys
  Crazy Yiuf (D:7)
  4 orc priests
  2 gnoll shamans
  6 hounds
  Ijyb (D:4)
  3 iguanas
  7 orc wizards
  Robin (D:4)
  21 gnolls
  7 adders
  2 shadow imps
  3 white imps
  A worm (D:3)
  4 dart slugs
  26 orcs
  3 bats
  3 endoplasms
  2 giant cockroaches
  20 goblins
  6 hobgoblins
  10 jackals
  16 kobolds
  3 quokkas
  10 ball pythons
  4 frilled lizards
  8 rats
226 creatures vanquished.

Vanquished Creatures (others)
  A queen bee (D:10)
  A centaur simulacrum (D:10)
  5 wights (D:10)
  9 killer bees (D:10)
  6 starspawn tentacles (D:10)
22 creatures vanquished.

Grand Total: 248 creatures vanquished

Notes
Turn   | Place    | Note
-------+----------+-------------------------------------------
     0 | D:1      | dolemite99 the Minotaur Gladiator began the quest for the
                  | Orb.
     0 | D:1      | Reached XP level 1. HP: 18/18 MP: 0/0
     8 | D:1      | Prayed at the altar of an unknown god.
     8 | D:1      | Became a worshipper of Lugonu the Unformed
     8 | D:1      | Reached * piety under Lugonu
     8 | D:1      | Reached ** piety under Lugonu
    51 | D:1      | Reached skill level 4 in Axes
    68 | D:1      | Reached XP level 2. HP: 15/25 MP: 1/1
   619 | D:1      | Reached skill level 5 in Axes
   664 | D:1      | Reached XP level 3. HP: 30/30 MP: 2/2
   665 | D:1      | Reached *** piety under Lugonu
  1423 | D:3      | Got the Incunabulum of the Igneous Compass
  1524 | D:3      | Noticed a phantom
  1547 | D:3      | Killed a phantom
  1548 | D:3      | Reached skill level 6 in Axes
  1548 | D:3      | Reached XP level 4. HP: 31/37 MP: 3/3
  1751 | D:3      | Reached XP level 5. HP: 42/42 MP: 4/4
  1752 | D:3      | Reached skill level 7 in Axes
  2143 | D:3      | Found Raoroont's Weapon Shoppe.
  2296 | D:4      | Noticed Ijyb
  2302 | D:4      | Killed Ijyb
  2307 | D:4      | Reached skill level 8 in Axes
  2308 | D:4      | Reached **** piety under Lugonu
  2312 | D:4      | Reached XP level 6. HP: 19/50 MP: 5/5
  2711 | D:4      | Identified the ring of Autumn {Str+9 Dex+6}
  2765 | D:4      | Noticed Robin
  2778 | D:4      | Killed Robin
  2937 | D:4      | Found a runed translucent gate.
  2937 | D:4      | Found a runed translucent gate.
  2937 | D:4      | Found a runed translucent gate.
  2938 | D:4      | Noticed atprogue's ghost (weakling NaIE)
  3182 | D:4      | Reached skill level 9 in Axes
  3314 | D:4      | Noticed Eustachio
  3320 | D:4      | Killed Eustachio
  3321 | D:4      | Reached XP level 7. HP: 49/56 MP: 6/6
  3462 | D:4      | Noticed Sigmund
  3464 | D:4      | Reached skill level 10 in Axes
  3476 | D:4      | Killed Sigmund
  3678 | D:5      | Entered Level 5 of the Dungeon
  3708 | D:5      | Noticed Blork the orc
  3717 | D:5      | Killed Blork the orc
  3862 | D:5      | Reached skill level 11 in Axes
  4334 | D:5      | Reached XP level 8. HP: 62/62 MP: 7/7
  4369 | D:5      | Noticed Pikel
  4387 | D:5      | Killed Pikel
  4388 | D:5      | Reached skill level 12 in Axes
  4486 | D:5      | Reached skill level 13 in Axes
  5609 | D:5      | Reached skill level 1 in Invocations
  5871 | D:5      | Found a stormy altar of Qazlal.
  5878 | D:5      | Found a white marble altar of Elyvilon.
  5878 | D:5      | Found a hide-covered altar of Uskayaw.
  5878 | D:5      | Found a shimmering altar of Xom.
  5878 | D:5      | Found a bloodstained altar of Trog.
  5879 | D:5      | Found an opulent altar of Gozag.
  5881 | D:5      | Found a glowing silver altar of Zin.
  6167 | D:5      | Reached ***** piety under Lugonu
  6780 | D:5      | Identified a scroll of acquirement
  6780 | D:5      | Acquired 1044 gold pieces
  6883 | D:6      | Reached XP level 9. HP: 68/68 MP: 9/11
  6937 | D:6      | Found a staircase to the Ecumenical Temple.
  7175 | D:6      | Reached skill level 5 in Invocations
  9362 | D:7      | Found an iron altar of Okawaru.
  9934 | D:7      | Found a runed translucent door.
  9935 | D:7      | Noticed Crazy Yiuf
  9940 | D:7      | Killed Crazy Yiuf
  9944 | D:7      | Identified the +10 mace of Deflation {freeze, Will+}
 10106 | D:8      | Reached XP level 10. HP: 17/74 MP: 6/16
 10607 | D:8      | Found a glowing golden altar of the Shining One.
 10720 | D:7      | Reached skill level 1 in Armour
 10989 | D:9      | Noticed a two-headed ogre
 10993 | D:9      | Killed a two-headed ogre
 11314 | D:9      | Noticed Erica
 11316 | D:9      | Banished Erica
 11317 | D:9      | Reached skill level 5 in Fighting
 11614 | D:9      | Reached skill level 1 in Shields
 11635 | D:9      | Noticed a red ugly thing
 11640 | D:9      | Banished a red ugly thing
 11699 | D:9      | Reached skill level 5 in Shields
 12118 | D:10     | Entered Level 10 of the Dungeon
 12265 | D:10     | Corrupted D:10
 12265 | D:10     | Noticed a glowing orange brain
 12265 | D:10     | Noticed a large abomination
 12265 | D:10     | Noticed a starcursed mass
 12265 | D:10     | Noticed an apocalypse crab
 12265 | D:10     | Noticed a thrashing horror
 12265 | D:10     | Noticed a rakshasa
 12265 | D:10     | Noticed an apocalypse crab
 12265 | D:10     | Noticed a thrashing horror
 12265 | D:10     | Noticed an orange demon
 12265 | D:10     | Noticed an apocalypse crab
 12265 | D:10     | Noticed a thrashing horror
 12265 | D:10     | Noticed a starcursed mass
 12265 | D:10     | Noticed a bone dragon
 12266 | D:10     | Noticed an orange demon
 12266 | D:10     | Noticed an orange demon
 12272 | D:10     | Noticed a tentacled starspawn
 12311 | D:10     | Mangled by a meliai simulacrum

Illustrated notes

Levels and vault maps discovered:
D:1:      onia_arrival_handbag, layout_rooms, dreamdust_ecumenical_altar_statues
D:2:      layout_loops_cross
D:3:      minmay_general_purpose_star, layout_rooms, serial_shops,
          nicolae_shop_stone, minmay_cupped
D:4:      layout_basic, gammafunk_ghost_necromancy, uniq_robin, uniq_ijyb,
          uniq_eustachio, uniq_sigmund
D:5:      layout_gridville, minitemple, minmay_ogre_servants, uniq_pikel,
          uniq_blork_the_orc
D:6:      layout_basic, minmay_temple_entry_steel_oval
D:7:      layout_basic, marbit_many_paths, uniq_crazy_yiuf_cottage
D:8:      layout_rooms, mainiacjoe_overflow_cross_hatched
D:9:      layout_loops_ring, dk_noncrumbling_3, uniq_erica
D:10:     layout_loops_corners, palyth_temple_overflow_mages,
          nzn_wu_jian_contemplation, orc_0_dummy, serial_ice, serial_ice_g,
          serial_ice_f, serial_ice_b, serial_ice_j, serial_ice_m, serial_ice_n,
          minivault_7

Skill      XL: |  1  2  3  4  5  6  7  8  9 10 |
---------------+-------------------------------+-----
Axes           | 4 5 6 8 9 11 13 | 13.3
Invocations    | 4 9 |  9.5
Armour         | 4 |  4.9
Fighting       | 5 |  5.6
Shields        | 6 |  6.8
Throwing       | |  2.0
Dodging        | |  3.2

Action                   |  1- 3 |  4- 6 |  7- 9 | 10-12 || total
-------------------------+-------+-------+-------+-------++-------
Melee: War axe           |    80 |    84 |   245 |    85 ||   494
       Headbutt          |    12 |    14 |    35 |    22 ||    83
       Punch             |     1 |       |       |       ||     1
Throw: Dart              |       |       |       |     2 ||     2
Invok: Banish            |       |       |     4 |     5 ||     9
       Corrupt           |       |       |       |     1 ||     1
  Use: Potion            |     2 |     3 |     4 |     1 ||    10
       Scroll            |       |     2 |    20 |     1 ||    23
 Stab: Sleeping          |     1 |       |       |       ||     1
Armor: Leather armour    |    35 |    18 |     9 |       ||    62
       Scale mail        |       |       |    73 |    35 ||   108
Dodge: Dodged            |    59 |    70 |   108 |    35 ||   272
Block: Buckler           |       |    16 |    40 |    13 ||    69
       Kite shield       |       |       |       |    23 ||    23

Table legend: (Time is in decaauts)
 A = Elapsed time spent in this place.
 B = Non-inter-level travel time spent in this place.
 C = Inter-level travel time spent in this place.
 D = Time resting spent in this place.
 E = Time spent auto-exploring this place.
 F = Levels seen in this place.
 G = Mean time per level.
                   A        B        C        D        E       F      G
               +--------+--------+--------+--------+--------+-----+--------+
         Total |  12326 |  11751 |    575 |   4556 |   5531 |  10 | 1232.6 |
       Dungeon |  12326 |  11751 |    575 |   4556 |   5531 |  10 | 1232.6 |
               +--------+--------+--------+--------+--------+-----+--------+

Top non-repeatable levels by time:
     D:4: 2354 daAuts
     D:5: 2180 daAuts
     D:6: 1991 daAuts
     D:7: 1718 daAuts
     D:9: 1207 daAuts
     D:3: 919 daAuts
     D:1: 720 daAuts
     D:2: 705 daAuts
     D:8: 408 daAuts
    D:10: 119 daAuts
